 Dungeon Sprint DCSS version 0.18.1-5-g4a78601 (webtiles) character file.

13 IcyTea the Conjurer (level 2, -3/22 HPs)
             Began as a Naga Conjurer on May 14, 2016.
             Slain by an adder (4 damage)
             ... in the Dungeon (Sprint IX: "|||||||||||||||||||||||||||||").
             The game lasted 00:00:56 (317 turns).

IcyTea the Conjurer (Naga Conjurer)                  Turns: 317, Time: 00:00:56

Health: -3/22      AC:  1    Str: 10    XL:     2   Next: 37%
Magic:  0/5        EV: 10    Int: 15    God:
Gold:   0          SH:  0    Dex: 11    Spells: 2 memorised, 2 levels left

rFire  . . .     SeeInvis +     j - +0 club
rCold  . . .     Gourm    .     a - +0 robe
rNeg   . . .     Faith    .     (no shield)
rPois  +         Spirit   .     (no helmet)
rElec  .         Dismiss  .     (no cloak)
rCorr  .         Reflect  .     (no gloves)
SustAt .         Harm     .     (no barding)
MR     .....     NoTele   +     (no amulet)
Stlth  ++........               (no ring)
                                (no ring)

@: very slow, not resistant to hostile enchantments, unstealthy
A: see invisible, deformed body, poison resistance, slowness 2, slow metabolism
1, spit poison 2, AC +0
a: Spit Poison


You were in the Dungeon.
You were not hungry.

You visited 1 branch

Inventory:

Hand Weapons
 j - a +0 club (weapon)
Armour
 a - a +0 robe (worn)
Scrolls
 i - a scroll of blinking
Potions
 d - a potion of curing
 e - a potion of heal wounds
 f - a potion of haste
 g - 2 potions of magic
 h - a potion of berserk rage
Books
 b - a book of Conjurations

   Spells                             Type                      Level
   a - Magic Dart                     Conjuration                  1
   b - Searing Ray                    Conjuration                  2
   c - Dazzling Spray                 Conjuration/Hexes            3
   d - Fulminant Prism                Conjuration/Hexes            4
   e - Iskenderun's Mystic Blast      Conjuration                  4
   f - Iskenderun's Battlesphere      Conjuration/Charms           5
Comestibles
 c - a bread ration


   Skills:
 - Level 1.5 Dodging
 - Level 3.0 Stealth
 - Level 2.0 Spellcasting
 + Level 6.2 Conjurations


You had 2 spell levels left.
You knew the following spells:

 Your Spells              Type           Power        Failure   Level  Hunger
a - Magic Dart            Conj           ###.         1%          1    #......
b - Searing Ray           Conj           ###...       2%          2    ###....


Dungeon Overview and Level Annotations

Branches:
Dungeon (1/1)

Altars:


Innate Abilities, Weirdness & Mutations

You cannot wear boots.
Your serpentine skin is tough (AC +0).
You have supernaturally acute eyesight.
Armour fits poorly on your strangely shaped body.
Your system is resistant to poisons.
You cover ground very slowly.
You have a slow metabolism.
You can spit poison.


Message History

Press: ? - help, Shift-Dir - straight line, f - adder zombie
Aim: an adder zombie The searing ray hits the adder zombie.
The orc wizard shouts!
The shadow imp shouts!
The orc wizard casts a spell.
The orc wizard blinks!
The adder zombie bites you.
The searing ray hits the adder zombie.
The orc wizard points at you and mumbles some strange words.
The magic dart hits you! The adder zombie bites you.
The searing ray hits the adder zombie.
The adder zombie bites you.
The searing ray hits the adder zombie.
You destroy the adder zombie!
Your Conjurations skill increases to level 6!
The searing ray hits the adder.
The adder is almost dead.
The orc wizard casts a spell at you. The magic dart hits you!
* * * LOW HITPOINT WARNING * * *
The adder bites you.
You die...

▓.▓
▓.▓
▓.▓
▓'▓
▓.▓
▓.▓
▓.▓
▓o▓
▓@▓
▓S▓
▓l▓
▓.▓
▓5▓
▓.▓
▓.▓
▓+▓


You could see an iguana, an orc wizard, an adder and a shadow imp.

Vanquished Creatures
  An ooze (D)
  An adder zombie (D)
  A bat (D)
  A giant cockroach (D)
  A hobgoblin (D)
  A rat (D)
6 creatures vanquished.

Notes
Turn   | Place    | Note
--------------------------------------------------------------
     0 | D        | IcyTea the Naga Conjurer began the quest for the Orb.
     0 | D        | Reached XP level 1. HP: 15/15 MP: 3/3
    17 | D        | Reached skill level 5 in Conjurations
    20 | D        | Reached XP level 2. HP: 5/22 MP: 1/5
   309 | D        | Learned a level 2 spell: Searing Ray
   317 | D        | Reached skill level 6 in Conjurations
   317 | D        | HP: 1/22 [orc wizard/magic dart (8)]
   317 | D        | Slain by an adder

Skill      XL: |  1  2 |
---------------+-------+-----
Conjurations   | 5 6 |  6.2
Dodging        | |  1.5
Stealth        | |  3.0
Spellcasting   | |  2.0

Action                   || total
-------------------------++-------
Melee: Unarmed           ||    20
 Cast: Magic Dart        ||     5
       Searing Ray       ||     1
Armor: Robe              ||     5
Dodge: Dodged            ||     9
